 Dungeon Crawl Stone Soup version v1.2-70-gd030549 (webtiles) character file.

175 Brynnhild the Chopper (level 5, 0/67 HPs)
             Began as a Sand Dwarf Skald on July 29, 2018.
             Succumbed to an adder's poison
             ... on level 3 of the Dungeon.
             The game lasted 00:08:16 (2562 turns).

Brynnhild the Chopper (Sand Dwarf Skald)            Turns: 2562, Time: 00:08:17

Health: 0/67       AC: 22    Str: 16    XL:     5   Next: 55%
Magic:  8/8        EV:  3    Int: 19    God:
Gold:   137        SH:  0    Dex: 10    Spells: 5/8 levels left

rFire    . . .     SeeInvis .   a - +0 hand axe
rCold    . . .     Gourm    .   (shield restricted)
rNeg     + + +     Faith    .   (armour currently unavailable)
rPois    +         Spirit   .   (helmet currently unavailable)
rElec    .         Reflect  .   (cloak currently unavailable)
rCorr    .         Harm     .   (gloves currently unavailable)
MR       .....     NoTele   +   (boots currently unavailable)
Stlth    +.........             (no amulet)
HPRegen  0.21/turn              (no ring)
MPRegen  0.11/turn              (no ring)

@: brilliant, lethally poisoned (0 -> 0), tree-form
A: small
a: no special abilities


You were on level 3 of the Dungeon.
You were not hungry.
You were a tree.
You visited 1 branch of the dungeon, and saw 3 of its levels.

You collected 137 gold pieces.

Inventory:

Hand Weapons
 a - a +0 hand axe (weapon)
Armour
 b - a +0 leather armour
 f - a +0 scale mail
 j - a +0 chain mail
 l - a +0 plate armour (melded)
Magical Staves
 q - an uncursed staff of poison
Wands
 k - a wand of iceblast (10)
Scrolls
 c - a scroll of teleportation {unknown}
 e - 4 scrolls of identify {unknown}
 g - a scroll of fog {unknown}
 h - 2 scrolls of noise {unknown}
 m - a scroll of magic mapping {unknown}
Potions
 i - a potion of lignification
Comestibles
 d - 3 rations
 n - 6 chunks of flesh


   Skills:
 + Level 3.2 Fighting
 * Level 5.1 Axes
 + Level 2.6 Armour
 - Level 2.0 Dodging
 - Level 2.0 Spellcasting
 + Level 3.3 Charms


You had 5 spell levels left.
You knew the following spells:

 Your Spells              Type           Power        Failure   Level  Hunger
a - Infusion              Chrm           ####         1%          1    #......
b - Shroud of Golubria    Chrm/Tloc      ###.......   1%          2    ###....

Your spell library contained the following spells:

 Spells                   Type           Power        Failure   Level  Hunger
 Regeneration             Chrm/Necr      ###.......   3%          3    ###....
 Song of Slaying          Chrm           ####....     1%          2    ###....
 Spectral Weapon          Hex/Chrm       ###.....     3%          3    ###....


Dungeon Overview and Level Annotations

Branches:
Dungeon (3/12)

Altars:


Innate Abilities, Weirdness & Mutations

You are small and have problems with some larger weapons.
((You cover ground slowly.))
((Armour does not affect your spellcasting.))


Message History

* * * LOW HITPOINT WARNING * * *
You feel sick.
* * * LOW HITPOINT WARNING * * *
You feel sick.
It was a potion of brilliance.
You feel clever all of a sudden.
It was a potion of magic.
Magic courses through your body.
* * * LOW HITPOINT WARNING * * *
You feel sick.
* * * LOW HITPOINT WARNING * * *
You feel sick.
* * * LOW HITPOINT WARNING * * *
You feel sick.
Unknown command.
There is a lethal amount of poison in your body!
There is a lethal amount of poison in your body!
There is a lethal amount of poison in your body!
There is a lethal amount of poison in your body!
A ball python comes into view.
You die...

##..†## ##... #.....#
#...# #.###.# #...#.#
#.< #)# #.###.# #.# #.##
...#...# # .. #..#
..####.##. .... ##.# #.
##...##.
S....#####.###.##.......
......)♣..!.......######
.....####...#....# ...
#...>.#### . #...###
#####


You could see a ball python (wandering).

Vanquished Creatures
  8 adders
  2 oozes (D:3)
  2 worms (D:2)
  3 leopard geckos
  4 orcs (D:3)
  2 ball pythons (D:2)
  7 giant cockroaches
  10 goblins
  9 hobgoblins
  5 jackals
  5 kobolds
  2 quokkas
  4 bats
  7 frilled lizards
  13 rats
83 creatures vanquished.

Notes
Turn   | Place    | Note
-------+----------+-------------------------------------------
     0 | D:1      | Brynnhild the Sand Dwarf Skald began the quest for the Orb.
     0 | D:1      | Reached XP level 1. HP: 18/18 MP: 3/3
   135 | D:1      | Reached XP level 2. HP: 17/25 MP: 5/5
   392 | D:1      | Learned a level 2 spell: Shroud of Golubria
   441 | D:1      | Reached skill level 3 in Axes
   595 | D:1      | Reached XP level 3. HP: 30/30 MP: 6/6
  1600 | D:2      | Reached XP level 4. HP: 19/37 MP: 7/7
  1912 | D:2      | Reached skill level 4 in Axes
  2274 | D:3      | Reached XP level 5. HP: 32/45 MP: 8/8
  2502 | D:3      | Reached skill level 5 in Axes
  2540 | D:3      | HP: 3/67 [poisoned by an adder]
  2547 | D:3      | HP: 1/67 [poisoned by an adder]
  2554 | D:3      | HP: 1/67 [poisoned by an adder]
  2562 | D:3      | Succumbed to an adder's poison

Skill      XL: |  1  2  3  4  5 |
---------------+----------------+-----
Axes           | 3 4 5 |  5.1
Dodging        | 2 |  2.0
Armour         | 2 |  2.6
Fighting       | 3 |  3.2
Spellcasting   | |  2.0
Charms         | |  3.3

Action                   |  1- 3 |  4- 6 || total
-------------------------+-------+-------++-------
Melee: Hand axe          |   143 |   183 ||   326
  Use: Potion            |       |     3 ||     3
  Eat: Chunk             |     3 |     4 ||     7
Armor: Leather armour    |     5 |       ||     5
       Scale mail        |    15 |       ||    15
       Chain mail        |    20 |       ||    20
       Plate armour      |     9 |   146 ||   155
       Skin              |       |     3 ||     3
Dodge: Dodged            |    84 |    82 ||   166
